 Dungeon Crawl Stone Soup version 0.19-a0-1320-g0178847 (webtiles) character file.

25 sveltemanboy the Charlatan (level 2, -8/22 HPs)
             Began as a Demonspawn Artificer on Aug 31, 2016.
             Mangled by a gnoll
             ... wielding a +0 halberd
              (12 damage)
             ... on level 1 of the Dungeon.
             The game lasted 00:02:37 (797 turns).

sveltemanboy the Charlatan (Demonspawn Artificer)    Turns: 797, Time: 00:02:37

Health: -8/22      AC:  3    Str: 12    XL:     2   Next: 86%
Magic:  4/4        EV: 12    Int: 12    God:
Gold:   24         SH:  0    Dex: 13    Spells: 0 memorised, 1 level left

rFire  . . .     SeeInvis .     a - +0 short sword
rCold  . . .     Gourm    .     b - +0 leather armour
rNeg   . . .     Faith    .     (no shield)
rPois  .         Spirit   .     (no helmet)
rElec  .         Dismiss  .     (no cloak)
rCorr  .         Reflect  .     (no gloves)
MR     .....     Harm     .     (no boots)
Stlth  +.........               (no amulet)
                                (no ring)
                                (no ring)

@: no status effects
A: hooves 1
a: no special abilities


You were on level 1 of the Dungeon.
You were not hungry.

You visited 1 branch of the dungeon, and saw 1 of its levels.

You collected 24 gold pieces.

Inventory:

Hand Weapons
 a - a +0 short sword (weapon)
Missiles
 g - 26 stones (quivered)
Armour
 b - a +0 leather armour (worn)
 j - a +0 ring mail
Wands
 c - a wand of flame (14/48)
 d - a wand of enslavement (14/24)
 e - a wand of random effects (11/48)
Scrolls
 h - a scroll of enchant armour {unknown}
 i - a scroll of fear {unknown}
 k - a scroll of remove curse {unknown}
Potions
 m - a potion of cure mutation {unknown}
 n - 2 potions of resistance {unknown}
Comestibles
 f - a bread ration
 l - 2 chunks of flesh
 o - a meat ration


   Skills:
 + Level 2.0 Fighting
 - Level 0.8 Short Blades
 + Level 0.3 Armour
 - Level 2.0 Dodging
 - Level 0.8 Stealth
 + Level 3.4 Evocations


You had one spell level left.
You didn't know any spells.

Dungeon Overview and Level Annotations

Branches:
Dungeon (1/15)

Altars:


Innate Abilities, Weirdness & Mutations

You have large cloven feet.


Message History

You closely miss the kobold. The kobold hits you.
You hit the kobold but do no damage. You kick the kobold, but do no damage.
The kobold closely misses you.
You closely miss the kobold. Your kick misses the kobold.
The kobold hits you but does no damage.
You barely miss the kobold. You kick the kobold, but do no damage.
The kobold closely misses you.
The gnoll hits you from afar with a halberd!
Ouch! That really hurt!
* * * LOW HITPOINT WARNING * * *
A bat comes into view.
You are too injured to fight recklessly!
Evoke which item? (* to show all) (? for menu, Esc to quit)
Zapping:
d - a wand of enslavement (15/24)
Press: ? - help, Shift-Dir - straight line, f - kobold
Aim: a kobold (chance to defeat MR: 85%)
The kobold is charmed.
This wand has 14 charges left.
The gnoll hits you from afar with a halberd!
Ouch! That really hurt!
You die...

...## #..# ..# ....#### #..#
#.# .......###.[# ###.###.#
.##.........###.....#.#.#
.#########..........#.#.#
.............##.....#.#.#
.####.####....>...g.....# ##
#.# #.........#....## #
#.###.......@K....## ##.... #
#.##..##..##.......## #.....
#
#.....#.............####(....
#
###........#####.........b...
#
###.#.#.#...........#####....
# ##...#...##..#####.#.# ..(
# ##..###).####.# #...#
#####(# ###..####.##
#.#####...###......
....###...#
#.)..##...........)


You could see a gnoll and a friendly kobold.

Vanquished Creatures
  2 dart slugs (D:1)
  A giant cockroach (D:1)
  7 goblins (D:1)
  A hobgoblin (D:1)
  2 kobolds (D:1)
  4 bats (D:1)
  A giant newt (D:1)
  2 rats (D:1)
20 creatures vanquished.

Notes
Turn   | Place    | Note
-------+----------+-------------------------------------------
     0 | D:1      | sveltemanboy the Demonspawn Artificer began the quest for the Orb.
     0 | D:1      | Reached XP level 1. HP: 15/15 MP: 3/3
   103 | D:1      | Gained mutation: You have large cloven feet. [demonic ancestry]
   103 | D:1      | Reached XP level 2. HP: 5/21 MP: 4/4
   797 | D:1      | Mangled by a gnoll

Vault maps used:
D:1:      minmay_arrival_five_plusses

Skill      XL: |  1  2 |
---------------+-------+-----
Dodging        | 2 |  2.0
Fighting       | 2 |  2.0
Short Blades   | |  0.8
Armour         | |  0.3
Stealth        | |  0.8
Evocations     | |  3.4

Action                   || total
-------------------------++-------
Melee: Short sword       ||    78
       Kick              ||    15
Throw: Stone             ||    19
Evoke: Wand              ||     6
Armor: Leather armour    ||    21
Dodge: Dodged            ||    53
